 Dungeon Crawl Stone Soup version 0.17-a0-2208-ge5ab1d3 (webtiles) character file.

1968 Geeful the Transmogrifier (level 9, -2/54 HPs)
             Began as an Octopode Transmuter on Oct 26, 2015.
             Slain by an ogre
             ... wielding a +0 giant club
              (18 damage)
             ... on level 6 of the Dungeon.
             The game lasted 00:21:21 (7158 turns).

Geeful the Transmogrifier (Octopode Transmuter)     Turns: 7158, Time: 00:21:21

Health: -2/54      AC:  1    Str:  9    XL:     9   Next: 20%
Magic:  7/12       EV: 13    Int: 15    God:
Gold:   295        SH:  0    Dex: 16    Spells: 4 memorised, 1 level left

rFire  + . .     SeeInvis .       - Unarmed
rCold  . . .     Clarity  +     (shield currently unavailable)
rNeg   . . .     SustAt   .     (helmet restricted)
rPois  .         Gourm    .     a - amulet of clarity
rElec  .         Spirit   .     o - ring of protection from fire
rCorr  .         Warding  .     (no ring)
rMut   .         Stasis   .     (no ring)
MR     .....                    (no ring)
Stlth  ++........               (no ring)
                                (no ring)
                                (no ring)
                                (no ring)

@: blade tentacles, not resistant to hostile enchantments, unstealthy
A: almost no armour, amphibious, 8 rings, constrict 8, camouflage 1, gelatinous
body 1
a: End Transformation


You were on level 6 of the Dungeon.
You were not hungry.
You had blades for tentacles.
You visited 2 branches of the dungeon, and saw 7 of its levels.

You collected 295 gold pieces.

Inventory:

Missiles
 m - 45 poisoned needles
 z - 67 arrows
 B - 13 arrows of flame
Jewellery
 a - an amulet of clarity (around mantle)
 o - a ring of protection from fire (left scythe-like blade)
Wands
 y - a wand of fire (6)
 D - a wand of draining (3)
 I - a wand of fire (7)
Scrolls
 d - a scroll of identify
 e - 2 scrolls of enchant weapon
 h - a scroll of immolation
 l - 2 scrolls of fog
 E - a scroll of remove curse
Potions
 r - 2 potions of flight
 A - a potion of curing
Books
 b - a book of Changes

   Spells                             Type                      Level
   a - Beastly Appendage              Transmutation                1
   b - Sticks to Snakes               Transmutation                2
   c - Spider Form                    Transmutation/Poison         3
   d - Ice Form                       Ice/Transmutation            4
   e - Blade Hands                    Transmutation                5
Comestibles
 c - 4 bread rations
 f - 2 chunks of flesh
 k - 4 meat rations
 C - a beef jerky


   Skills:
 - Level 2.0 Fighting
 - Level 2.7 Dodging
 - Level 3.3 Unarmed Combat
 - Level 2.3 Spellcasting
 + Level 11.2 Transmutations


You had one spell level left.
You knew the following spells:

 Your Spells              Type           Power        Failure   Level  Hunger
a - Beastly Appendage     Trmt           #####.       10%         1    #......
b - Sticks to Snakes      Trmt           #####.....   12%         2    ###....
c - Blade Hands           Trmt           #####.....   41%         5    ######.
d - Spider Form           Trmt/Pois      ###.......   45%         3    ###....


Dungeon Overview and Level Annotations

Branches:
Dungeon (6/15)             Temple (1/1) D:6

Altars:
Ashenzari
Cheibriados
Dithmenos
Elyvilon
Fedhas
Kikubaaqudgha
Makhleb
Nemelex Xobeh
Okawaru
Ru
Sif Muna
Trog
Vehumet
Xom
Yredelemnul
Zin
The Shining One


Innate Abilities, Weirdness & Mutations

You cannot wear most types of armour.
You are amphibious.
You can wear up to eight rings at the same time.
You can use your tentacles to constrict eight enemies at once.
Your skin changes colour to match your surroundings (Stealth).
Your rubbery body absorbs attacks (AC +1).


Message History

Confirm with . or Enter, or press ? or * to list all spells.
Your tentacles turn into razor-sharp scythe blades.
The orc warrior hits you with a flail!
A wight comes into view.
It is wielding an enchanted short sword.
You closely miss the orc warrior. You grab the orc warrior.
You constrict the orc warrior, but do no damage.
The orc warrior hits you but does no damage.
The orc wizard mumbles some strange words.
The orc wizard blinks!
A wight comes into view.
It is wielding a short sword of draining.
You slash the orc warrior!
You squeeze the orc warrior, but do no damage.
The orc warrior is heavily wounded.
You constrict the orc warrior, but do no damage.
The orc warrior hits you with a flail!
* * * LOW HITPOINT WARNING * * *
You slash the orc warrior! You slash the orc warrior.
You kill the orc warrior!
You hit the ogre but do no damage. The ogre hits you with a giant club!!
You die...

#..#.#..#.#.##.#.#.
#..._...#.#.<#[#...
#..#.#..#.#..#.####
##...####.#..#.....
#..## #.#########
#..# #..........
#..###############
#.................
#@################
#O# #J# ####### #z#
#...... #'# #.#####
...J...z.# #.#
..?.#..o.# #.# ..
#_#...# #.#
..#....# #.#


You could see an ogre, a jelly, 2 wights and an orc wizard.

Vanquished Creatures
  The ghost of Demise the Basher, a novice OgGl of Fedhas (D:6)
  Sigmund (D:5)
  2 orc warriors
  An ice beast (D:5)
  4 ogres
  A centaur (D:5)
  A giant frog (D:5)
  2 scorpions
  2 crimson imps (D:5)
  3 orc wizards
  A centaur skeleton (D:4)
  3 hounds
  2 jellies
  3 iguanas
  2 orc priests (D:5)
  A worker ant (D:4)
  5 adders
  An adder skeleton (D:4)
  2 adder zombies (D:5)
  2 worms
  2 giant geckos
  6 orcs
  10 bats
  4 giant cockroaches
  4 goblins
  A hobgoblin (D:2)
  6 jackals
  7 kobolds
  A quokka (D:2)
  2 ball pythons
  A giant gecko zombie (D:5)
  4 giant newts
  7 rats
95 creatures vanquished.

Notes
Turn   | Place    | Note
--------------------------------------------------------------
     0 | D:1      | Geeful the Octopode Transmuter began the quest for the Orb.
     0 | D:1      | Reached XP level 1. HP: 13/13 MP: 3/3
   282 | D:1      | Found a glowing golden altar of the Shining One.
   501 | D:1      | Reached XP level 2. HP: 16/18 MP: 5/5
  1317 | D:2      | Reached XP level 3. HP: 24/24 MP: 6/6
  1790 | D:3      | Learned a level 2 spell: Sticks to Snakes
  2201 | D:3      | Reached XP level 4. HP: 27/29 MP: 7/7
  3252 | D:4      | Found a shattered altar of Ashenzari.
  3525 | D:4      | Reached skill level 4 in Transmutations
  3525 | D:4      | Reached XP level 5. HP: 25/34 MP: 8/8
  3809 | D:4      | Reached skill level 5 in Transmutations
  3809 | D:4      | Reached XP level 6. HP: 19/39 MP: 7/9
  4373 | D:4      | Noticed an ogre
  4381 | D:4      | Killed an ogre
  4526 | D:4      | Reached skill level 6 in Transmutations
  4623 | D:5      | Entered Level 5 of the Dungeon
  4745 | D:5      | Reached XP level 7. HP: 12/45 MP: 8/10
  5047 | D:5      | Reached skill level 7 in Transmutations
  5106 | D:5      | Found an ancient bone altar of Kikubaaqudgha.
  5109 | D:5      | Found a deep blue altar of Sif Muna.
  5111 | D:5      | Found a burning altar of Makhleb.
  5224 | D:5      | HP: 2/45 [centaur (9)]
  5225 | D:5      | Reached skill level 8 in Transmutations
  5225 | D:5      | Reached XP level 8. HP: 2/50 MP: 9/11
  5530 | D:5      | Learned a level 5 spell: Blade Hands
  5534 | D:5      | Learned a level 3 spell: Spider Form
  5661 | D:5      | Reached skill level 9 in Transmutations
  6064 | D:5      | Noticed Sigmund
  6068 | D:5      | Killed Sigmund
  6611 | D:6      | Noticed Demise's ghost (novice OgGl)
  6642 | D:6      | Killed Demise's ghost
  6642 | D:6      | Reached skill level 10 in Transmutations
  6642 | D:6      | Reached XP level 9. HP: 42/54 MP: 6/12
  6665 | D:6      | Found a staircase to the Ecumenical Temple.
  6706 | D:6      | Reached skill level 11 in Transmutations
  6851 | Temple   | Entered the Ecumenical Temple
  6929 | D:6      | Found a glowing silver altar of Zin.
  7137 | D:6      | Found an iron altar of Okawaru.
  7158 | D:6      | Slain by an ogre

Vault maps used:
D:1:      roderic_crossed_star, minmay_misc_feat_square, fountainhead, tso_altar
D:3:      first_bread, hex_large, grunt_ministairs_11
D:4:      nicolae_ashenzari_panopticon
D:5:      grunt_temple_overflow_open, kennysheep_generic_room_16, uniq_sigmund
D:6:      lemuel_crystal_altar, minmay_temple_entry_glass,
          okawaru_metal_pillars_1_2
Temple:   circular_temple_12

Action                   |  1- 3 |  4- 6 |  7- 9 || total
-------------------------+-------+-------+-------++-------
Melee: Unarmed           |    74 |    98 |   104 ||   276
 Cast: Beastly Appendage |     1 |     3 |     6 ||    10
       Sticks to Snakes  |     6 |       |       ||     6
       Spider Form       |       |       |     2 ||     2
       Blade Hands       |       |       |     3 ||     3
Evoke: Wand              |       |    12 |    17 ||    29
  Use: Scroll            |       |     2 |    13 ||    15
       Potion            |       |       |    13 ||    13
 Stab: Sleeping          |     6 |     8 |     2 ||    16
  Eat: Chunk             |     5 |     3 |     5 ||    13
       Fruit             |       |     3 |       ||     3
       Bread ration      |       |     1 |       ||     1
       Beef jerky        |       |       |     1 ||     1
